 Dungeon Crawl Stone Soup version 0.28-a0-511-gcc94558de3 (webtiles) character file.

Game seed: 7713457272728895320

0 meatgazer the Skirmisher (level 1, 0/18 HPs)
             Began as a Demonspawn Abyssal Knight on Sept 21, 2021.
             Was a Follower of Lugonu.
             Constricted to death by a starspawn tentacle (2 damage)
             ... attached to a tentacled starspawn
             ... on level 2 of the Abyss.
             The game lasted 00:00:37 (123 turns).

meatgazer the Skirmisher (Demonspawn Abyssal Knight) Turns: 123, Time: 00:00:38

Health: 0/18       AC:  3    Str: 13    XL:     1   Next: 0%
Magic:  2/2        EV:  8    Int: 11    God:    Lugonu [*.....]
Gold:   11         SH:  0    Dex: 13    Spells: 0/0 levels left

rFire   . . .      SeeInvis .   a - +1 hand axe
rCold   . . .      Faith    .   (no shield)
rNeg    . . .      Spirit   .   b - +0 leather armour
rPois   .          Reflect  .   (no helmet)
rElec   .          Harm     .   (no cloak)
rCorr   .          Rampage  .   (no gloves)
Will    .....                   (no boots)
Stlth   +.........              (no amulet)
HPRegen 0.06/turn               (no ring)
MPRegen 0.08/turn               (no ring)

@: constricted
A: no striking features
a: Renounce Religion, Depart the Abyss


You were on level 2 of the Abyss.
You worshipped Lugonu.
Lugonu was aware of your devotion.
You visited 0 branches of the dungeon, and saw 0 of its levels.
You visited the Abyss 1 time.

You collected 11 gold pieces.

Inventory:

Hand Weapons
 a - a +1 hand axe (weapon)
Armour
 b - a +0 leather armour (worn)
 d - a +0 pair of boots
Scrolls
 c - a scroll of teleportation {unknown}


   Skills:
 + Level 3.0 Fighting
 + Level 1.7 Axes
 + Level 1.7 Armour
 + Level 0.8 Dodging
 + Level 2.4 Invocations


You couldn't memorise any spells.
You didn't know any spells.
Your spell library was empty.

Dungeon Overview and Level Annotations

Branches:
Dungeon (0/15)

Altars:


Message History

Found a scroll labelled FIMYDWUUMO.
Found a corrupted altar of Lugonu.
Found a gateway leading out of the Abyss.
c - a scroll labelled FIMYDWUUMO
There is a gateway leading out of the Abyss here.
You now have 11 gold pieces.
Found a ring mail.
Found a gateway leading deeper into the Abyss.
Found a pair of boots and 8 stones.
There is a gateway leading deeper into the Abyss here.
You see here a +0 pair of boots.
d - a +0 pair of boots
There is a gateway leading deeper into the Abyss here.
You plunge deeper into the Abyss.
Found 20 stones.
Found a corrupted altar of Lugonu.
A chaos spawn comes into view.
Found 18 stones.
Found a corrupted altar of Lugonu.
The chaos spawn bleats!
A chaos spawn is nearby!
A chaos spawn is nearby!
An iron imp comes into view.
A tentacled starspawn comes into view.
Found 17 arrows.
The iron imp shouts, "Embrace thy fall, thou simpering dread-bolted boar-pig!"
Tentacles burst from the starspawn's body! 2 starspawn tentacles come into view.
A tentacle flies out from the starspawn's body!
A starspawn tentacle comes into view.
The chaos spawn ululates chillingly with its many mouths.
A tentacle flies out from the starspawn's body!
A starspawn tentacle comes into view.
Tentacles burst from the starspawn's body!
The chaos spawn closely misses you. 2 starspawn tentacles come into view.
The tentacled starspawn bites you!
Ouch! That really hurt!
The tentacled starspawn tentacle-slaps you.
* * * LOW HITPOINT WARNING * * *
The starspawn tentacle barely misses you.
The starspawn tentacle grabs you. The starspawn tentacle constricts you.
You die...

#########
#.###.#.##
##..####.#
#...#.#.##
#..#@4..#
...#..wwX.##
#.......V####
#.#ยง##...##.#
#. ......#.#.
# . .
###..###....#
#. .. .
.....#.# ....
.##..####.. .#
.....
...(.#..#..#


You could see a tentacled starspawn, a chaos spawn and 2 starspawn tentacles.

Vanquished Creatures (others)
  6 starspawn tentacles (Abyss:2)
6 creatures vanquished.

Notes
Turn   | Place    | Note
-------+----------+-------------------------------------------
     0 | Abyss:1  | meatgazer the Demonspawn Abyssal Knight began the quest for
                  | the Orb.
     0 | Abyss:1  | Reached XP level 1. HP: 18/18 MP: 2/2
    49 | Abyss:2  | Found a corrupted altar of Lugonu.
    90 | Abyss:2  | Found a corrupted altar of Lugonu.
    90 | Abyss:2  | Noticed a chaos spawn
    96 | Abyss:2  | Noticed an iron imp
    98 | Abyss:2  | Noticed a tentacled starspawn
   123 | Abyss:2  | Constricted to death by a starspawn tentacle

Illustrated notes

Levels and vault maps discovered:
Abyss:2:  base: Temple, base:
Temple

Action                   || total
-------------------------++-------
Dodge: Dodged            ||     2

Table legend: (Time is in decaauts)
 A = Elapsed time spent in this place.
 B = Non-inter-level travel time spent in this place.
 C = Inter-level travel time spent in this place.
 D = Time resting spent in this place.
 E = Time spent auto-exploring this place.
 F = Levels seen in this place.
 G = Mean time per level.
                   A        B        C        D        E       F      G
               +--------+--------+--------+--------+--------+-----+--------+
         Total |    122 |    122 |      0 |      0 |     72 |   2 |   61.0 |
         Abyss |    122 |    122 |      0 |      0 |     72 |   2 |   61.0 |
               +--------+--------+--------+--------+--------+-----+--------+

Top non-repeatable levels by time:
 Abyss:2: 73 daAuts
 Abyss:1: 49 daAuts
